 Dungeon Crawl Stone Soup version 0.22-a0-609-gfedc9ff (webtiles) character file.

1508 sking99 the Insei (level 8, -6/68 HPs)
             Began as a Purple Draconian Transmuter on July 10, 2018.
             Was a Follower of Okawaru.
             Mangled by a two-headed ogre
             ... wielding a +0 giant club
              (17 damage)
             ... on level 6 of the Dungeon.
             The game lasted 00:10:52 (7429 turns).

sking99 the Insei (Purple Draconian Transmuter)     Turns: 7429, Time: 00:10:53

Health: -6/68      AC:  8    Str: 13    XL:     8   Next: 53%
Magic:  8/11       EV: 18    Int: 13    God:    Okawaru [*.....]
Gold:   269        SH:  0    Dex: 14    Spells: 8/11 levels left

rFire    . . .     SeeInvis +     - Unarmed
rCold    . . .     Gourm    .   (no shield)
rNeg     . . .     Faith    .   (armour unavailable)
rPois    .         Spirit   .   (helmet restricted)
rElec    .         Reflect  .   (no cloak)
rCorr    .         Harm     .   (no gloves)
MR       +....                  e - +1 pair of boots
Stlth    +++.......             (no amulet)
HPRegen  0.21/turn              n - ring of see invisible
MPRegen  0.12/turn              t - ring of see invisible

@: short of breath, heroism
A: breathe power, unfitting armour, cold-blooded, AC +6
a: Breathe Dispelling Energy, Heroism, Renounce Religion


You were on level 6 of the Dungeon.
You worshipped Okawaru.
Okawaru was aware of your devotion.
You were hungry.

You visited 1 branch of the dungeon, and saw 6 of its levels.

You collected 269 gold pieces.

Inventory:

Missiles
 a - 58 arrows
Armour
 e - a +1 pair of boots (worn)
Jewellery
 j - an uncursed ring of positive energy {unknown}
 n - a ring of see invisible (left hand)
 t - a ring of see invisible (right hand)
Scrolls
 b - a scroll of remove curse
 d - a scroll of enchant weapon
 f - a scroll of amnesia
 k - a scroll of enchant armour
 q - a scroll of fog
Potions
 g - a potion of brilliance
 i - 2 potions of ambrosia
 l - a potion of curing
 m - a potion of cancellation
 o - 3 potions of heal wounds
 p - a potion of lignification
 r - a potion of mutation {unknown}
 s - 2 potions of agility
 u - a potion of flight {unknown}
 v - a potion of invisibility {unknown}
 w - 2 potions of magic {unknown}
 x - 3 potions of resistance
 z - a potion of might {unknown}
Comestibles
 c - 4 rations


   Skills:
 + Level 5.2(10.2) Fighting
 + Level 4.6(9.6) Dodging
 * Level 7.4(12.4) Unarmed Combat
 - Level 2.4 Spellcasting
 - Level 5.0 Transmutations


You had 8 spell levels left.
You knew the following spells:

 Your Spells              Type           Power        Failure   Level  Hunger
a - Beastly Appendage     Tmut           ##....       3%          1    #......
b - Sticks to Snakes      Tmut           ##......     4%          2    ###....

Your spell library contained the following spells:

 Spells                   Type           Power        Failure   Level  Hunger
 Spider Form              Tmut/Pois      #.........   26%         3    ###....
 Blade Hands              Tmut           ##........   63%         5    ######.
 Ice Form                 Ice/Tmut       #.......     65%         4    #####..


Dungeon Overview and Level Annotations

Branches:
Dungeon (6/15)
 Temple: D:4-7

Altars:
Kikubaaqudgha
Okawaru
Qazlal
The Shining One


Innate Abilities, Weirdness & Mutations

You can breathe bolts of dispelling energy.
Your rich purple scales are hard. (AC +6)
You cannot fit into any form of body armour.
You are cold-blooded and may be slowed by cold attacks.


Message History

You hit the two-headed ogre.
The two-headed ogre is heavily wounded.
You hit the two-headed ogre but do no damage.
The two-headed ogre is heavily wounded.
The two-headed ogre hits you with a giant club!!
The two-headed ogre hits you with a giant club.
Press: ? - help, Shift-Dir - straight line, f - two-headed ogre
Aim: a two-headed ogre, wielding two giant clubs (heavily wounded)
You breathe a bolt of dispelling energy.
The bolt of dispelling energy hits the two-headed ogre.
The two-headed ogre is severely wounded.
You feel somewhat more hungry. The two-headed ogre barely misses you.
The two-headed ogre hits you with a giant club!
* * * LOW HITPOINT WARNING * * *
You feel sick.
You are no longer poisoned.
You feel like a meek peon again.
You gain the combat prowess of a mighty hero.
The two-headed ogre hits you with a giant club!
You die...

###### ...... ......
......# ....... #####
.......####...######..
........#.@O#..#.....# ##
#...##...###....#########.
...........####.....##.....
.......###....##...........
......# ####.##....##..###
...... #....#.#...####
#....# ####...#.###...
#.#.. .#####.........##
#.#.. ........#..######


You could see a two-headed ogre.

Vanquished Creatures
  Pikel (D:5)
  2 phantoms
  A centaur (D:5)
  An ogre (D:5)
  2 scorpions
  A crimson imp (D:5)
  3 hounds
  An orc priest (D:3)
  3 orc wizards
  A centaur skeleton (D:4)
  An iguana (D:4)
  6 worker ants
  A hound skeleton (D:4)
  A howler monkey zombie (D:5)
  4 adders
  7 gnolls
  An ooze (D:3)
  A worm (D:5)
  2 dart slugs
  3 leopard geckos
  11 orcs
  5 bats
  5 giant cockroaches
  7 goblins
  8 hobgoblins
  14 jackals
  3 quokkas
  A ball python (D:1)
  3 frilled lizards
  8 kobolds
  A leopard gecko skeleton (D:5)
  5 rats
114 creatures vanquished.

Notes
Turn   | Place    | Note
-------+----------+-------------------------------------------
     0 | D:1      | sking99 the Draconian Transmuter began the quest for the Orb.
     0 | D:1      | Reached XP level 1. HP: 16/16 MP: 3/3
    66 | D:1      | Reached XP level 2. HP: 7/23 MP: 5/5
  1301 | D:2      | Reached XP level 3. HP: 29/29 MP: 6/6
  1305 | D:2      | Learned a level 2 spell: Sticks to Snakes
  1744 | D:2      | Found a glowing golden altar of the Shining One.
  1824 | D:2      | Became a worshipper of the Shining One
  2323 | D:3      | Found an ancient bone altar of Kikubaaqudgha.
  2416 | D:3      | Reached skill level 4 in Unarmed Combat
  2416 | D:3      | Reached XP level 4. HP: 5/36 MP: 7/7
  2622 | D:3      | HP: 1/36 [orc wizard/magic dart (7)]
  2787 | D:3      | Reached XP level 5. HP: 8/42 MP: 8/8
  4368 | D:4      | Noticed a phantom
  4403 | D:4      | HP: 2/44 [hound (1)]
  4406 | D:4      | The Shining One protects you from harm!
  4411 | D:4      | HP: 1/44 [hound (2)]
  4710 | D:4      | Reached XP level 6. HP: 35/51 MP: 7/9
  4924 | D:4      | Reached skill level 5 in Unarmed Combat
  5689 | D:4      | Your scales start taking on a rich purple colour.
  5689 | D:4      | Reached XP level 7. HP: 47/58 MP: 10/10
  6180 | D:4      | Found an iron altar of Okawaru.
  6188 | D:4      | Fell from the grace of the Shining One
  6188 | D:4      | Became a worshipper of Warmaster Okawaru
  6317 | D:5      | Entered Level 5 of the Dungeon
  6539 | D:5      | Reached skill level 6 in Unarmed Combat
  7052 | D:5      | Noticed Pikel
  7062 | D:5      | Killed Pikel
  7062 | D:5      | Reached * piety under Okawaru
  7062 | D:5      | Reached skill level 5 in Fighting
  7062 | D:5      | Reached skill level 7 in Unarmed Combat
  7062 | D:5      | Reached XP level 8. HP: 56/68 MP: 11/11
  7296 | D:6      | Reached skill level 5 in Transmutations
  7313 | D:6      | Found a stormy altar of Qazlal.
  7396 | D:6      | Noticed a two-headed ogre
  7429 | D:6      | Mangled by a two-headed ogre

Vault maps used:
D:1:      giann_forest_graveyard
D:2:      nicolae_tso_swordbearing_angel, serial_glass, glass_columns_b,
          glass_columns_a, glass_columns_c, glass_columns_a, glass_columns_b,
          glass_columns_a, glass_columns_a, glass_columns_b
D:3:      minmay_door_path, kiku_gazebo_pond_becter, first_ration
D:4:      kennysheep_okawaru_gauntlet, minivault_27
D:5:      nrook_mini_vaults, uniq_pikel
D:6:      kennysheep_mini, nicolae_qazlal_eye_of_the_storm, slow_altar_2,
          minmay_temple_entry_enclosed_plants

Skill      XL: |  1  2  3  4  5  6  7  8 |
---------------+-------------------------+-----
Dodging        | 2 3 4 |  4.6
Fighting       | 2 3 5 |  5.2
Unarmed Combat | 4 5 7 |  7.4
Transmutations | 3 4 5 |  5.0
Spellcasting   | |  2.4

Action                   |  1- 3 |  4- 6 |  7- 9 || total
-------------------------+-------+-------+-------++-------
Melee: Unarmed           |   188 |   245 |   154 ||   587
       Tailslap          |    15 |    32 |    17 ||    64
       Punch             |     2 |     4 |     2 ||     8
       Headbutt          |       |     6 |       ||     6
 Cast: Beastly Appendage |       |     3 |       ||     3
       Sticks to Snakes  |       |       |     2 ||     2
Invok: Heroism           |       |       |     4 ||     4
 Abil: Breathe Dispellin |       |       |     8 ||     8
  Use: Potion            |     1 |       |       ||     1
       Scroll            |       |       |    15 ||    15
  Eat: Chunk             |     5 |     4 |     6 ||    15
       Ration            |       |     2 |       ||     2
Armor: Skin              |    77 |    66 |    36 ||   179
Dodge: Dodged            |   127 |   147 |    97 ||   371

Table legend:
 A = Spawn XP
 B = Non-spawn XP
 C = Spawn XP percentage of total XP
 D = Spawn monster count
 E = Non-spawn monster count
 F = Spawn count percentage of total count
 G = Total turns spent on level
                    A         B        C        D         E        F      G
               +---------+---------+-------+---------+---------+-------+---------
         Total |       0 |    2155 |   0.0 |       0 |     114 |   0.0 |  7429
               +---------+---------+-------+---------+---------+-------+---------
           D:1 |       0 |      38 |   0.0 |       0 |      23 |   0.0 |  1295
           D:2 |       0 |      25 |   0.0 |       0 |      12 |   0.0 |   896
           D:3 |       0 |     251 |   0.0 |       0 |      27 |   0.0 |  2312
           D:4 |       0 |     599 |   0.0 |       0 |      27 |   0.0 |  1857
           D:5 |       0 |    1053 |   0.0 |       0 |      21 |   0.0 |   897
           D:6 |       0 |     189 |   0.0 |       0 |       4 |   0.0 |   172
               +---------+---------+-------+---------+---------+-------+---------
